 Dungeon Crawl Stone Soup version 0.29.1-2-gbd0b4ee654 (webtiles) character file.

Game seed: 12856058090771470575

577 zeram the Chopper (level 7, -2/61 HPs)
             Began as a Hill Orc Fighter on Nov 10, 2022.
             Was a Follower of Yredelemnul.
             Succumbed to a killer bee's poison
             ... on level 5 of the Dungeon.
             The game lasted 00:06:30 (3801 turns).

zeram the Chopper (Hill Orc Fighter)                Turns: 3801, Time: 00:06:31

Health: -2/61      AC:  7    Str: 20 (21) XL:     7   Next: 35%
Magic:  7/7        EV:  9    Int:  5 (8)  God:    Yredelemnul [*.....]
Gold:   385        SH:  6    Dex: 15 (16) Spells: 6/6 levels left

rFire   . . .      SeeInvis .   a - +1 war axe (elec)
rCold   . . .      Faith    .   c - +1 buckler
rNeg    . . .      Spirit   .   b - +0 scale mail
rPois   .          Reflect  .   (no helmet)
rElec   .          Harm     .   (no cloak)
rCorr   .          Rampage  .   (no gloves)
Will    .....                   (no boots)
Stlth   ..........              (no amulet)
HPRegen 0.20/turn               h - +6 ring of dexterity
MPRegen 0.10/turn               (no ring)

@: lethally poisoned (-2 -> -23), attractive, hasted, studying Spellcasting,
very quick
A: no striking features
a: Renounce Religion, Recall Undead Harvest


You were on level 5 of the Dungeon.
You worshipped Yredelemnul.
Yredelemnul was noncommittal.
You visited 2 branches of the dungeon, and saw 6 of its levels.

You collected 385 gold pieces.

Inventory:

Hand Weapons
 a - a +1 war axe of electrocution (weapon)
 i - a +0 whip
 j - a +4 dagger
 r - a +0 flail of holy wrath
 s - a +1 hand axe of electrocution
Armour
 b - a +0 scale mail (worn)
 c - a +1 buckler (worn)
 u - a +0 cloak
Jewellery
 h - a +6 ring of dexterity (left hand)
 x - a +6 ring of intelligence
Wands
 p - a wand of digging (5)
Scrolls
 d - a scroll of brand weapon
 e - 2 scrolls of vulnerability
 f - a scroll of poison
 g - 2 scrolls of teleportation
 l - 3 scrolls of silence
 m - a scroll of magic mapping
 o - 2 scrolls of enchant weapon
 t - a scroll of immolation
 y - a scroll of identify
Potions
 k - a potion of resistance
 n - a potion of degeneration
 q - a potion of attraction
 v - a potion of haste
 w - a potion of mutation {unknown}
 z - a potion of curing {unknown}


   Skills:
 + Level 5.2 Fighting
 + Level 7.6 Axes
 + Level 5.0 Armour
 + Level 0.9 Dodging
 + Level 3.9 Shields


You had 6 spell levels left.
You didn't know any spells.
Your spell library contained the following spells:

 Spells                   Type           Power      Damage    Failure   Level
 Freeze                   Ice            0%         1d3       88%         1
 Confusing Touch          Hex            0%         N/A       99%         3
 Frozen Ramparts          Ice            0%         1d1       99%         3
 Hailstorm                Conj/Ice       0%         3d3       100%        4
 Yara's Violent Unravell  Hex/Tmut       0%         3d3       100%        5
 Enfeeble                 Hex            0%         N/A       100%        7


Dungeon Overview and Level Annotations

Branches:
Dungeon (5/15)             Temple (1/1) D:4

Altars:
Ashenzari
Dithmenos
Elyvilon
Gozag
Hepliaklqana
Makhleb
Okawaru
Qazlal
Sif Muna
Trog
Uskayaw
Vehumet
Wu Jian
Xom
Yredelemnul


Message History

Lightning courses through the killer bee!
You kill the killer bee!
You slash the killer bee!
You hit the killer bee. x2; The dead are flying!
You feel sick.
The killer bee stings you but does no damage.
The killer bee stings you.
You are more poisoned.
The killer bee poisons you! The killer bee stings you!
You are lethally poisoned!
The killer bee poisons you! The killer bee barely misses you.
The killer bee stings you but does no damage. x2
It was a potion of degeneration.
There was something very wrong with that liquid.
You feel weakened.
You feel dopey.
You feel clumsy.
* * * LOW HITPOINT WARNING * * *
You feel very sick.
The killer bee stings you but does no damage.
The killer bee barely misses you. You block the killer bee's attack.
Your killer bee zombie hits the killer bee.
Your spectral white imp misses the killer bee.
The killer bee barely misses your killer bee zombie.
You block the killer bee's attack. The killer bee misses you.
It was a potion of attraction.
You feel attractive to monsters.
* * * LOW HITPOINT WARNING * * *
You feel very sick.
Your killer bee zombie barely misses the killer bee.
The killer bee barely misses you. The killer bee closely misses you.
The killer bee barely misses your killer bee zombie.
Your spectral white imp completely misses the killer bee.
Your killer bee zombie hits the killer bee.
The killer bee misses your killer bee zombie.
The killer bee stings you.
* * * LOW HITPOINT WARNING * * *
You are more poisoned.
The killer bee poisons you! The killer bee stings you.
* * * LOW HITPOINT WARNING * * *
It was a potion of haste.
You feel yourself speed up.
You die...
Your body rises from the dead as a mindless zombie.

.########
#.......#
+.......#
#.......#
+##.......#
.......Z..#
......yZ..#
......y@..#
......yZZ.#
..........###
...#######..# ..
#........# .
#........#
##+###..########
#.Z#......#
#....#Z...#


You could see 3 killer bees, a friendly spectral white imp, a friendly killer
bee zombie and 2 friendly orc zombies.

Vanquished Creatures
  Sigmund (D:3)
  A scorpion (D:4)
  A killer bee (D:5)
  A howler monkey (D:5)
  An orc priest (D:5)
  Crazy Yiuf (D:3)
  Ijyb (D:3)
  2 orc wizards
  3 adders
  A white imp (D:5)
  3 worms
  2 dart slugs
  15 orcs
  6 ball pythons
  7 endoplasms
  6 giant cockroaches
  6 goblins
  5 hobgoblins
  4 quokkas
  6 bats
  3 frilled lizards
  8 kobolds
  7 rats
91 creatures vanquished.

Vanquished Creatures (others)
  7 fungi (D:3)
  6 plants (D:3)
  4 toadstools (D:3)
17 creatures vanquished.

Grand Total: 108 creatures vanquished

Notes
Turn   | Place    | Note
-------+----------+-------------------------------------------
     0 | D:1      | zeram the Hill Orc Fighter began the quest for the Orb.
     0 | D:1      | Reached XP level 1. HP: 19/19 MP: 1/1
   300 | D:1      | Reached XP level 2. HP: 27/27 MP: 2/2
   365 | D:1      | Reached skill level 3 in Axes
   539 | D:1      | Reached XP level 3. HP: 31/33 MP: 3/3
   754 | D:1      | Found a faded altar of an unknown god.
  1025 | D:2      | Found a hide-covered altar of Uskayaw.
  1546 | D:2      | Reached skill level 4 in Axes
  1546 | D:2      | Reached XP level 4. HP: 40/40 MP: 4/4
  1711 | D:3      | Found a broken altar of Ashenzari.
  1741 | D:3      | Noticed Ijyb
  1751 | D:3      | Killed Ijyb
  1786 | D:3      | Noticed Sigmund
  1800 | D:3      | Killed Sigmund
  1801 | D:3      | Reached skill level 6 in Axes
  1801 | D:3      | Reached XP level 5. HP: 35/47 MP: 5/5
  1801 | D:3      | Reached XP level 6. HP: 39/53 MP: 6/6
  2074 | D:3      | Found a hazy altar of Hepliaklqana.
  2337 | D:3      | Found a runed translucent door.
  2338 | D:3      | Noticed Crazy Yiuf
  2759 | D:3      | Killed Crazy Yiuf
  2952 | D:4      | Identified the +8 chain mail of the Fiddle {rF- Dex+4
                  | Slay+5}
  3390 | D:4      | Found a staircase to the Ecumenical Temple.
  3400 | Temple   | Entered the Ecumenical Temple
  3513 | Temple   | Became a worshipper of Yredelemnul the Dark
  3579 | D:4      | Reached skill level 7 in Axes
  3579 | D:4      | Reached XP level 7. HP: 57/60 MP: 7/7
  3596 | D:5      | Entered Level 5 of the Dungeon
  3678 | D:5      | Reached skill level 5 in Fighting
  3798 | D:5      | Reached skill level 5 in Armour
  3798 | D:5      | Reached * piety under Yredelemnul
  3800 | D:5      | HP: 3/61 [killer bee (5)]
  3801 | D:5      | Succumbed to a killer bee's poison

Illustrated notes

Levels and vault maps discovered:
D:1:      wander_arrival_estate, layout_basic,
          hellmonk_ecumenical_altar_leap_of_faith, kennysheep_minor_cross
D:2:      layout_basic, basic_altar
D:3:      layout_loops_ring, mainiacjoe_overflow_24_doors,
          ashenzari_conservatory_becter, minmay_gold_behind_fungi,
          serial_bayou_lagoon_a, nrook_mini_backslash, uniq_sigmund, uniq_ijyb,
          uniq_crazy_yiuf_cottage
D:4:      layout_basic, temple_statues
D:5:      layout_gridville, general_overflow_altar,
          mainiacjoe_overflow_alcove_3, serial_shops, shop_statue,
          nicolae_shop_temple_entry_statues_fountains,
          nicolae_shop_temple_entry_statues_fountains, nicolae_diamond_shop,
          nicolae_shop_waterfront, serial_bayou_pond_c, minmay_fire_ice_demons
Temple:   dshaligram_water_room_temple

Skill      XL: |  1  2  3  4  5  6  7 |
---------------+----------------------+-----
Axes           | 3 4 6 7 |  7.6
Fighting       | 4 5 |  5.2
Armour         | 4 5 |  5.0
Dodging        | |  0.9
Shields        | |  3.9

Action                   |  1- 3 |  4- 6 |  7- 9 || total
-------------------------+-------+-------+-------++-------
Melee: War axe           |   103 |    94 |    14 ||   211
       Hand axe          |       |     2 |       ||     2
  Use: Scroll            |     9 |       |     2 ||    11
       Potion            |       |     1 |     3 ||     4
 Stab: Distracted        |       |       |     1 ||     1
Armor: Scale mail        |    39 |    36 |    13 ||    88
Dodge: Dodged            |    41 |    34 |    23 ||    98
Block: Buckler           |    26 |    22 |     6 ||    54
